 Dungeon Crawl Stone Soup version 0.27-a0-1281-ge233d83751 (webtiles) character file.

Game seed: 10760412786203379934

106 BlueGoblin the Skirmisher (level 4, -2/37 HPs)
             Began as a Palentonga Fighter on June 14, 2021.
             Slain by a white imp (4 damage)
             ... summoned by Natasha
             ... on level 2 of the Dungeon.
             The game lasted 00:03:25 (1464 turns).

BlueGoblin the Skirmisher (Palentonga Fighter)      Turns: 1464, Time: 00:03:26

Health: -2/37      AC:  9    Str: 20    XL:     4   Next: 55%
Magic:  4/4        EV:  5    Int:  8    God:
Gold:   62         SH:  9    Dex: 10    Spells: 3/3 levels left

rFire    . . .     SeeInvis +   a - +0 long sword
rCold    . . .     Faith    .   c - +0 kite shield
rNeg     . . .     Spirit   .   b - +0 scale mail
rPois    .         Reflect  .   (no helmet)
rElec    .         Harm     .   (no cloak)
rCorr    .         Rampage  .   g - +2 pair of gloves
Will     .....                  (no barding)
Stlth    ..........             (no amulet)
HPRegen  0.12/turn              (no ring)
MPRegen  0.09/turn              (no ring)

@: attractive, slowed, very slow
A: large, rugged brown scales 3, see invisible, deformed body, roll 1, armoured
tail
a: Rolling Charge


You were on level 2 of the Dungeon.
You visited 1 branch of the dungeon, and saw 2 of its levels.

You collected 62 gold pieces.

Inventory:

Hand Weapons
 a - a +0 long sword (weapon)
Armour
 b - a +0 scale mail (worn)
 c - a +0 kite shield (worn)
 g - a +2 pair of gloves (worn)
Jewellery
 h - a ring of see invisible
Wands
 m - a wand of iceblast (10)
Scrolls
 f - 2 scrolls of noise {unknown}
 i - a scroll of teleportation {unknown}
 k - a scroll of immolation {unknown}
 n - a scroll of enchant weapon {unknown}
Potions
 d - a potion of might
 e - 4 potions of curing {unknown}
 l - a potion of heal wounds {unknown}
 o - a potion of lignification {unknown}


   Skills:
 + Level 3.5 Fighting
 + Level 3.0 Long Blades
 + Level 3.0 Armour
 + Level 0.4 Dodging
 + Level 3.0 Shields


You had 3 spell levels left.
You didn't know any spells.
Your spell library contained the following spells:

 Spells                   Type           Power      Damage    Failure   Level
 Confusing Touch          Hex            0%         N/A       100%        3
 Gell's Gravitas          Tloc           0%         N/A       100%        3
 Petrify                  Tmut/Erth      0%         N/A       100%        4
 Metabolic Englaciation   Hex/Ice        0%         N/A       100%        5
 Yara's Violent Unravell  Hex/Tmut       0%         3d3       100%        5


Dungeon Overview and Level Annotations

Branches:
Dungeon (2/15)

Altars:

Annotations:
D:2 Natasha


Innate Abilities, Weirdness & Mutations

You are completely covered in rugged brown scales. (AC +3, +7% HP)
You have supernaturally acute eyesight. (SInv)
Armour fits poorly on your strangely shaped body.
You can roll at nearby foes to attack.
You have a long armoured tail.


Message History

You barely miss Natasha. Natasha claws you.
A giant cockroach comes into view.
Found a stone staircase leading down.
You closely miss Natasha. Natasha claws you. Natasha barely misses you.
You barely miss Natasha. Natasha barely misses you.
You barely miss Natasha.
A giant cockroach comes into view.
You block Natasha's attack.
Your scale mail prevents you from hitting Natasha.
You block Natasha's attack.
Natasha zaps a wand.
The puff of flame hits you!
You closely miss Natasha.
Natasha casts a spell.
You hit Natasha but do no damage. Natasha claws you but does no damage.
You block the white imp's attack. Natasha claws you.
You barely miss Natasha. The white imp gestures at you.
The puff of frost hits you.
Natasha zaps a wand.
The puff of flame hits you.
You barely miss Natasha. You block the white imp's attack.
Natasha stares at you and mumbles some strange words.
You feel yourself slow down. The white imp gestures at you.
The puff of frost hits you. You block Natasha's attack.
You hit Natasha but do no damage. The white imp hits you.
* * * LOW HITPOINT WARNING * * *
The white imp freezes you.
* * * LOW HITPOINT WARNING * * *
Natasha claws you but does no damage. You block the white imp's attack.
Natasha zaps a wand.
The puff of flame hits you.
* * * LOW HITPOINT WARNING * * *
It was a potion of attraction.
You feel attractive to monsters. You block the white imp's attack.
Natasha stares at you and mumbles some strange words.
The magic dart hits you.
* * * LOW HITPOINT WARNING * * *
The white imp hits you.
* * * LOW HITPOINT WARNING * * *
The white imp freezes you.
You die...

### #.# # #.#
.......
#####.#####
.....
..........+
..>..
.....#.#### ...
####.#.## .B.
#.#..# #B#
#.##.## #h#
#.##..# #.##@#
#.###'####.##5#
#........#.##.#
#........#.##.#
#
#........#.##.#
#
#........#.##.#
#
#........#.##.#
#
#........+....#
#
##.......#.####


You could see Natasha, a white imp (summoned) and 2 giant cockroaches.

Vanquished Creatures
  Natasha (twice) (D:2)
  2 adders (D:2)
  A dart slug (D:1)
  2 bats (D:2)
  An endoplasm (D:1)
  2 hobgoblins (D:2)
  7 jackals (D:1)
  4 kobolds
  5 quokkas
  2 frilled lizards
  4 goblins
  2 rats (D:1)
34 creatures vanquished.

Notes
Turn   | Place    | Note
-------+----------+-------------------------------------------
     0 | D:1      | BlueGoblin the Palentonga Fighter began the quest for the
                  | Orb.
     0 | D:1      | Reached XP level 1. HP: 19/19 MP: 1/1
   223 | D:1      | Reached XP level 2. HP: 19/25 MP: 2/2
   627 | D:1      | Found a faded altar of an unknown god.
  1105 | D:2      | Reached XP level 3. HP: 31/31 MP: 3/3
  1302 | D:2      | Noticed Natasha
  1309 | D:2      | Killed Natasha
  1313 | D:2      | Noticed Natasha
  1315 | D:2      | Killed Natasha
  1316 | D:2      | Reached XP level 4. HP: 26/37 MP: 4/4
  1452 | D:2      | Noticed Natasha
  1464 | D:2      | Slain by a white imp

Illustrated notes

Levels and vault maps discovered:
D:1:      dpeg_arrival_snail, layout_basic, basic_ecumenical_altar
D:2:      layout_basic, uniq_natasha

Skill      XL: |  1  2  3  4 |
---------------+-------------+-----
Armour         | 3 |  3.0
Long Blades    | 3 |  3.0
Shields        | 3 |  3.0
Fighting       | |  3.5
Dodging        | |  0.4

Action                   |  1- 3 |  4- 6 || total
-------------------------+-------+-------++-------
Melee: Long sword        |    78 |    12 ||    90
       Tailslap          |     8 |       ||     8
 Abil: Rolling Charge    |    19 |     3 ||    22
  Use: Potion            |       |     1 ||     1
Armor: Scale mail        |    50 |     2 ||    52
Dodge: Dodged            |    18 |     2 ||    20
Block: Kite shield       |    43 |     7 ||    50
       Rpst.: Long sword |     5 |       ||     5

Table legend: (Time is in decaauts)
 A = Elapsed time spent in this place.
 B = Non-inter-level travel time spent in this place.
 C = Inter-level travel time spent in this place.
 D = Time resting spent in this place.
 E = Time spent auto-exploring this place.
 F = Levels seen in this place.
 G = Mean time per level.
                   A        B        C        D        E       F      G
               +--------+--------+--------+--------+--------+-----+--------+
         Total |   1510 |   1415 |     95 |    209 |    942 |   2 |  755.0 |
       Dungeon |   1510 |   1415 |     95 |    209 |    942 |   2 |  755.0 |
               +--------+--------+--------+--------+--------+-----+--------+

Top non-repeatable levels by time:
     D:1: 1057 daAuts
     D:2: 452 daAuts
